Unix NetHack Version 3.7.0-101 Work-in-progress - last build Mar 4 2024 02:26:32 (3c4ac04b664b9ee0831c739617f054b5b60dbfd1,branch:master). Game began 2024-03-24 08:41:45, ended 2024-03-24 09:49:03. elenmirie, neutral female gnomish Archeologist ------- --.....----- |........|.-- ------......| |.....-- |.....| ---- |.|...| |..|--.|---- --.--..| --- |.....| --.-- |*....| |...--- | --f..----.....-- --.| |f--- |.......---...| |)|-----.....<....- |@||..............----- ---- --B--.---......).............- |.....| |...(.....---- .............. |..---- ---..|..--- | ------------- ---- ------- Elenmirie the Field Worker St:13 Dx:13 Co:14 In:12 Wi:16 Ch:9 Neutral Dlvl:5 $:38 HP:0(28) Pw:23(23) AC:5 Xp:5/177 T:3721 Burdened Latest messages: The kitten bites! You hear crashing rock. Coco misses the kitten. Angie misses the kitten. The kitten bites! You kill the kitten! Coco eats a kitten corpse. What do you want to eat? [dj or ?*] ? This food really hits the spot! Your movements are now unencumbered. You finish eating the food ration. You stop. Angie is in the way! You swap places with Angie. You swap places with Coco. You hear crashing rock. You hear a jackal howling at the moon. Coco misses the gnome. Coco misses the gnome. Coco misses the gnome. You stop. Angie is in the way! Coco bites the gnome. The gnome misses Coco. Coco bites the gnome. The gnome is killed! You see here 3 darts. You swap places with Coco. You swap places with Coco. You swap places with Coco. You see here 3 darts. You hear a jackal howling at the moon. You have a little trouble lifting N - 3 darts. Your movements are slowed slightly because of your load. The hobbit wields a runed dagger! You kill the hobbit! You have a little trouble lifting z - a runed dagger (2 in total). Coco picks up a very corroded dagger. The giant bat bites! The giant bat bites! You miss the giant bat. The giant bat bites! The giant bat bites! You stop. Coco is in the way! The giant bat bites! The giant bat bites! You die... Do you want your possessions identified? [ynq] (y) y Do you want to see your attributes? [ynq] (y) y Do you want an account of creatures vanquished? [ynaq] (y) y Do you want to see your conduct and achievements? [ynq] (y) y Do you want to see the dungeon overview? [ynq] (y) y Inventory: Coins $ - 38 gold pieces Weapons N - 3 uncursed +1 darts z - 2 uncursed +0 elven daggers a - an uncursed +2 bullwhip B - an uncursed +0 dwarvish mattock (weapon in hands) Armor c - an uncursed +0 fedora p - an uncursed +0 orcish helm (being worn) u - a blessed +2 cloak of displacement (being worn) b - an uncursed +0 leather jacket (being worn) Comestibles d - an uncursed food ration j - an uncursed tripe ration Rings y - a cursed ring of free action r - an uncursed +1 ring of gain strength Wands E - an uncursed wand of digging (0:3) A - an uncursed wand of light (0:13) Tools w - an uncursed oilskin sack containing 16 items n - an empty uncursed sack i - an uncursed oil lamp (lit) e - an uncursed skeleton key v - an uncursed tin whistle x - an uncursed wet towel Gems/Stones L - 2 uncursed chrysoberyl stones g - an uncursed touchstone Contents of the oilskin sack: 32 gold pieces a cursed scroll of enchant armor an uncursed scroll of food detection an uncursed scroll of light a blessed scroll of remove curse 2 uncursed scrolls of remove curse an uncursed scroll of scare monster a blessed scroll of teleportation an uncursed potion of acid an uncursed potion of extra healing a cursed potion of extra healing an uncursed potion of healing an uncursed potion of object detection 2 uncursed potions of speed an uncursed +0 pick-axe an uncursed tinning kit (0:45) Elenmirie the Archeologist's attributes: Background: You were a Field Worker, a level 5 female gnomish Archeologist. You were neutral, on a mission for Camaxtli who was opposed by Quetzalcoatl (lawful) and Huhetotl (chaotic). You were right-handed. You were in the Gnomish Mines, on level 5. You entered the dungeon 3721 turns ago. There was a full moon in effect when your adventure ended. You had 177 experience points, 143 more were needed to attain level 6. Basics: You had 0 out of 28 hit points. You had all 23 energy points (spell power). Your armor class was 5. Your wallet contained 38 zorkmids, and you had 32 more stashed away in your pack. Autopickup was on for '$' plus thrown. Final Characteristics: Your strength was 13 (limit:18/50). Your dexterity was 13 (limit:18). Your constitution was 14 (limit:18). Your intelligence was 12 (limit:19). Your wisdom was 16 (limit:18). Your charisma was 9 (limit:18). Final Status: You weren't hungry. You were burdened; movement was slightly slowed. You were wielding a mattock. You had basic skill with pick-axe. Final Attributes: You were piously aligned. You had automatic searching. You had infravision. You were displaced. You were stealthy. You were warded. You were lucky. You are dead. Miscellaneous: You encountered 1 bones level. Total elapsed playing time was 27 minutes and 52 seconds. Major events: Turn 1: elenmirie the neutral female gnomish Archeologist entered the dungeon 1575: entered the Gnomish Mines 1750: attained the rank of Field Worker (level 3) 1893: destroyed elenmirie's ghost, the former Field Worker 3721: killed by a giant bat Vanquished creatures: a ghost a rock piercer 2 giant ants 2 little dogs a floating eye a kitten 2 dwarves a kobold leader a kobold shaman 3 rothes 2 giant bats a monkey an orc zombie 2 werejackals 2 acid blobs a coyote 2 hobbits a hobgoblin a giant rat 2 cave spiders 3 yellow molds 6 gnomes a gnome zombie 3 geckos 3 jackals a fox 6 sewer rats 2 grid bugs 5 lichens 2 kobold zombies 8 newts 70 creatures vanquished. No species were genocided or became extinct. Voluntary challenges: You were illiterate. You never engraved Elbereth. You never genocided any monsters. You never polymorphed an object. You used no wishes. Achievements: You entered the Gnomish Mines. You attained the rank of Field Worker. You entered a shop. The Dungeons of Doom: levels 1 to 6 Level 1: An altar, some fountains. Level 2: Many fountains, a sink. Level 3: Stairs down to The Gnomish Mines. Level 4: A fountain, a grave. Final resting place for elenmirie-Arc-Gno-Fem-Neu, killed by a small mimic. Level 5: A fountain, a grave. Level 6: The Gnomish Mines: levels 4 to 5 Level 4: Level 5: <- You were here. Final resting place for you, killed by a giant bat. Game over: ---------- / \ / REST \ / IN \ / PEACE \ / \ | elenmirie | | 70 Au | | killed by a | | giant bat | | | | | | 2024 | *| * * * | * _________)/\\_//(\/(/\)/\//\/|_)_______ Goodbye elenmirie the Archeologist... You died in The Gnomish Mines on dungeon level 5 with 1041 points, and 70 pieces of gold, after 3721 moves. You were level 5 with a maximum of 28 hit points when you died.